 Dungeon Crawl Stone Soup version 0.27-a0-679-g77a6b55cf3 (webtiles) character file.

Game seed: 18145406753548458345

188 kae the Ruffian (level 5, -2/45 HPs)
             Began as a Naga Transmuter on Mar 18, 2021.
             Slain by a worm (9 damage)
             ... on level 3 of the Dungeon.
             The game lasted 00:02:18 (3469 turns).

kae the Ruffian (Naga Transmuter)                   Turns: 3469, Time: 00:02:19

Health: -2/45      AC:  2    Str: 14    XL:     5   Next: 67%
Magic:  1/8        EV: 19    Int: 13    God:
Gold:   82         SH:  0    Dex: 16    Spells: 1/9 levels left

rFire    . . .     SeeInvis +     - Unarmed
rCold    . . .     Faith    .   (shield currently unavailable)
rNeg     . . .     Spirit   .   (armour currently unavailable)
rPois    x         Reflect  .   (helmet currently unavailable)
rElec    .         Harm     .   (cloak currently unavailable)
rCorr    .         Rampage  .   (gloves currently unavailable)
Will     .....                  (no barding)
Stlth    +.........             (no amulet)
HPRegen  0.15/turn              (no ring)
MPRegen  0.11/turn              (no ring)

@: spider-form (expiring)
A: venomous fangs, AC +1, tiny, see invisible, (deformed body), (poison
resistance), (slowness 2), spit poison 1, (naga tail 1)
a: Spit Poison, End Transformation


You were on level 3 of the Dungeon.
You were a venomous arachnid creature.
You visited 1 branch of the dungeon, and saw 3 of its levels.

You collected 82 gold pieces.

Inventory:

Armour
 a - a +0 robe (melded)
 f - a +0 pair of gloves
Scrolls
 d - 2 scrolls of magic mapping {unknown}
 e - 2 scrolls of fear {unknown}
 g - a scroll of random uselessness {unknown}
 h - a scroll of teleportation {unknown}
 i - a scroll of identify
Potions
 b - 2 potions of flight


   Skills:
 + Level 1.9 Fighting
 + Level 2.3 Dodging
 * Level 4.1 Unarmed Combat
 + Level 2.5 Spellcasting
 * Level 3.4 Transmutations
 * Level 1.0 Poison Magic


You had one spell level left.
You knew the following spells:

 Your Spells              Type           Power      Damage    Failure   Level
a - Beastly Appendage     Tmut           20%        N/A       17%         1
b - Spider Form           Tmut/Pois      3%         N/A       50%         3
c - Ice Form              Ice/Tmut       6%         N/A       89%         4

Your spell library contained the following spells:

 Spells                   Type           Power      Damage    Failure   Level
 Wereblood                Tmut           10%        N/A       22%         2
 Blade Hands              Tmut           5%         N/A       95%         5


Dungeon Overview and Level Annotations

Branches:
Dungeon (3/15)

Altars:


Innate Abilities, Weirdness & Mutations

You are a venomous arachnid creature.
You have poisonous fangs.
You are tiny and dextrous.
Your spellcasting is less reliable in this form.
Your armour is entirely melded.
You are incapable of wielding weapons or throwing items.
((Your serpentine skin is tough. (AC +1)))
You have supernaturally acute eyesight. (SInv)
((Armour fits poorly on your strangely shaped body.))
((Your system is resistant to poisons. (rPois)))
((You cover ground very slowly.))
You can spit poison.
((You have a snake-like lower body.))


Message History

You bite the quokka!
You kill the quokka!
You see here a ball python corpse.
You bite the kobold!
You kill the kobold!
You have got your breath back.
Your transformation is almost over.
Things that are here:
a +0 dagger; 7 poisoned darts; a kobold corpse A worm comes into view.
You see here a rat corpse.
A worm is nearby!
A worm is nearby!
A worm is nearby!
You see here a ball python corpse.
You see here a +0 falchion.
A worm is nearby!
A worm is nearby!
Casting: Spider Form (quite dangerous; 50% risk of failure)
Confirm with . or Enter, or press ? or * to list all spells.
Your transformation has ended.
Your +0 robe unmelds from your body.
You grow a pair of large bovine horns.
Your transformation is almost over.
Casting: Beastly Appendage (safe; 6% risk of failure)
Confirm with . or Enter, or press ? or * to list all spells.
The spell is quite dangerous to cast (28% risk of failure)!
Continue anyway? [Y]es or [N]o only, please.
The spell is quite dangerous to cast (28% risk of failure)!
Continue anyway?
Your horns disappear.
You turn into a venomous arachnid creature.
Your +0 robe melds into your body.
The worm bites you!
You hit the worm.
The worm is poisoned.
The worm is moderately wounded.
The worm bites you!
* * * LOW HITPOINT WARNING * * *
You hit the worm.
The worm looks as sick as possible!
The worm is moderately wounded.
The worm bites you!
You die...

#.............. .....
#..............
.....###########........ ..
#......########........ . .
......#...........[... .. .
###.....#...............
...#.#$#.#[..................
S..#.#.....#........#####..
.......#s#........# ..
##.##....w........#
##.#..)#†###.........#
#)....(..).?#.#......##
###.#...#†###........# ..
##.##.)...######.# .
........#..# .# ..#.#......#
# ..#.#)#.#....#


You could see a worm (extremely poisoned).

Vanquished Creatures
  An ogre (D:2)
  4 adders
  2 worms
  A leopard gecko (D:2)
  2 orcs (D:3)
  7 bats
  2 giant cockroaches
  4 goblins
  7 hobgoblins (D:1)
  4 jackals (D:2)
  7 kobolds
  4 quokkas
  2 ball pythons
  6 frilled lizards
  6 rats
59 creatures vanquished.

Vanquished Creatures (collateral kills)
  A giant cockroach (D:3)
1 creature vanquished.

Grand Total: 60 creatures vanquished

Notes
Turn   | Place    | Note
-------+----------+-------------------------------------------
     0 | D:1      | kae the Naga Transmuter began the quest for the Orb.
     0 | D:1      | Reached XP level 1. HP: 18/18 MP: 3/3
   303 | D:1      | Reached XP level 2. HP: 5/25 MP: 3/5
  1309 | D:1      | Reached XP level 3. HP: 31/31 MP: 4/6
  1448 | D:1      | Learned a level 3 spell: Spider Form
  2465 | D:2      | Noticed an ogre
  2478 | D:2      | HP: 1/31 [ogre/+0 giant club (16)]
  2484 | D:2      | Killed an ogre
  2485 | D:2      | Reached XP level 4. HP: 18/39 MP: 7/7
  2485 | D:2      | Reached XP level 5. HP: 21/45 MP: 8/8
  2747 | D:2      | Learned a level 4 spell: Ice Form
  3045 | D:2      | Reached skill level 4 in Unarmed Combat
  3447 | D:3      | Reached skill level 1 in Poison Magic
  3469 | D:3      | Slain by a worm

Illustrated notes

Levels and vault maps discovered:
D:1:      dpeg_arrival_ternary, layout_basic
D:2:      layout_loops_ring
D:3:      layout_basic, overflow_temple_1_default, minmay_fractal_squares_5

Skill      XL: |  1  2  3  4  5 |
---------------+----------------+-----
Dodging        | 2 |  2.3
Transmutations | 3 |  3.4
Unarmed Combat | 4 |  4.1
Poison Magic   | 1 |  1.0
Fighting       | |  1.9
Spellcasting   | |  2.5

Action                   |  1- 3 |  4- 6 || total
-------------------------+-------+-------++-------
Melee: Unarmed           |   109 |    48 ||   157
       Headbutt          |     7 |     2 ||     9
       Punch             |       |     1 ||     1
 Cast: Beastly Appendage |    25 |    10 ||    35
       Spider Form       |       |     3 ||     3
 Abil: Spit Poison       |    37 |    12 ||    49
  Use: Potion            |     2 |       ||     2
       Scroll            |     1 |     1 ||     2
Armor: Robe              |    26 |     6 ||    32
Dodge: Dodged            |    79 |    24 ||   103

Table legend: (Time is in decaauts)
 A = Elapsed time spent in this place.
 B = Non-inter-level travel time spent in this place.
 C = Inter-level travel time spent in this place.
 D = Time resting spent in this place.
 E = Time spent auto-exploring this place.
 F = Levels seen in this place.
 G = Mean time per level.
                   A        B        C        D        E       F      G
               +--------+--------+--------+--------+--------+-----+--------+
         Total |   4010 |   3980 |     30 |    234 |   3245 |   3 | 1336.7 |
       Dungeon |   4010 |   3980 |     30 |    234 |   3245 |   3 | 1336.7 |
               +--------+--------+--------+--------+--------+-----+--------+

Top non-repeatable levels by time:
     D:1: 2133 daAuts
     D:2: 1699 daAuts
     D:3: 178 daAuts
